 Dungeon Crawl Stone Soup version 0.24.0-123-gd5b16e6ec5 (webtiles) character file.

Game seed: 4517593322257489039, levelgen mode: deterministic

81 IrvingSpaghetti the Conjurer (level 4, -5/30 HPs)
             Began as a Human Conjurer on Dec 24, 2019.
             Killed from afar by an orc wizard (9 damage)
             ... with a puff of flame
             ... on level 3 of the Dungeon.
             The game lasted 00:08:23 (2407 turns).

IrvingSpaghetti the Conjurer (Human Conjurer)       Turns: 2407, Time: 00:08:26

Health: -5/30      AC:  2    Str:  8    XL:     4   Next: 68%
Magic:  3/7        EV: 12    Int: 24    God:
Gold:   83         SH:  4    Dex: 14    Spells: 1/7 levels left

rFire    . . .     SeeInvis .   d - +0 short sword
rCold    . . .     Gourm    .   (no shield)
rNeg     . . .     Faith    .   a - +0 robe
rPois    .         Spirit   .   (no helmet)
rElec    .         Reflect  +   n - scarf {cloud immunity}
rCorr    .         Harm     .   (no gloves)
MR       .....                  (no boots)
Stlth    ++........             i - +4 amulet of reflection
HPRegen  0.10/turn              o - +3 ring of intelligence
MPRegen  0.10/turn              (no ring)

@: brilliant
A: no striking features
a: no special abilities


You were on level 3 of the Dungeon.
You were not hungry.

You visited 1 branch of the dungeon, and saw 3 of its levels.

You collected 83 gold pieces.

Inventory:

Hand Weapons
 d - a +0 short sword (weapon)
Armour
 a - a +0 robe (worn)
 m - a +0 cloak
 n - a scarf of cloud immunity (worn)
Jewellery
 i - a +4 amulet of reflection (around neck)
 o - a +3 ring of intelligence (left hand)
Scrolls
 b - a scroll of amnesia {unknown}
 f - 3 scrolls of remove curse {unknown}
 h - a scroll of blinking {unknown}
 j - 4 scrolls of identify {unknown}
 p - a scroll of fear {unknown}
Potions
 e - a potion of brilliance
 g - a potion of flight {unknown}
 l - a potion of curing {unknown}
Comestibles
 c - 6 rations


   Skills:
 - Level 2.0 Dodging
 - Level 2.0 Stealth
 - Level 2.0 Spellcasting
 + Level 5.7 Conjurations


You had one spell level left.
You knew the following spells:

 Your Spells              Type           Power        Failure   Level  Hunger
a - Magic Dart            Conj           ####         1%          1    #......
b - Searing Ray           Conj           #####.       1%          2    ##.....
c - Dazzling Spray        Conj/Hex       ####..       1%          3    ###....

Your spell library contained the following spells:

 Spells                   Type           Power        Failure   Level  Hunger
 Iskenderun's Mystic Bla  Conj           #####...     1%          4    #####..
 Force Lance              Conj/Tloc      ####....     4%          4    #####..
 Fulminant Prism          Conj/Hex       ####......   4%          4    #####..


Dungeon Overview and Level Annotations

Branches:
Dungeon (3/15)

Altars:
Elyvilon
Qazlal


Message History

The orc wizard flickers and vanishes!
Deactivating autopickup; reactivate with Ctrl-A.
You hit the orc but do no damage.
The orc is severely wounded.
The orc hits you.
You hit the orc.
You kill the orc!
You hear some strange, mumbled words.
A puff of frost appears from out of thin air!
The puff of frost hits you!
Ouch! That really hurt!
* * * LOW HITPOINT WARNING * * *
It was a potion of brilliance.
You feel clever all of a sudden.
The orc wizard casts a spell.
The orc wizard blinks!
You hear some strange, mumbled words.
A puff of flame appears from out of thin air!
The puff of flame hits you!
You die...

##.....## #.#
##...## o.. ##'##
#.# #.# #ยง#
##.#### #o#
#######...... #{#
#.........### #.#
#.####.....#
#@####.#####...###
#................#
######.#####...#..
#.# #...###
#.#####.....
#............
#############


You could see an orc wizard and an orc.

Vanquished Creatures
  3 adders
  An ooze (D:1)
  3 dart slugs
  An orc (D:3)
  7 bats
  2 giant cockroaches (D:3)
  2 goblins
  6 hobgoblins
  8 jackals (D:1)
  A ball python (D:1)
  4 frilled lizards
  3 kobolds (D:1)
  2 rats
43 creatures vanquished.

Notes
Turn   | Place    | Note
-------+----------+-------------------------------------------
     0 | D:1      | IrvingSpaghetti the Human Conjurer began the quest for the
                  | Orb.
     0 | D:1      | Reached XP level 1. HP: 13/13 MP: 3/3
   243 | D:1      | Reached XP level 2. HP: 19/19 MP: 0/5
   247 | D:1      | Learned a level 2 spell: Searing Ray
   689 | D:1      | Reached XP level 3. HP: 15/24 MP: 1/6
   931 | D:1      | Reached skill level 5 in Conjurations
  1395 | D:2      | Noticed an ice beast
  1641 | D:2      | Reached XP level 4. HP: 19/30 MP: 1/7
  1984 | D:3      | Found a white marble altar of Elyvilon.
  2053 | D:3      | Learned a level 3 spell: Dazzling Spray
  2173 | D:3      | Found a stormy altar of Qazlal.
  2173 | D:3      | Noticed a fire elemental
  2194 | D:3      | Noticed an earth elemental
  2202 | D:3      | Noticed a water elemental
  2215 | D:3      | Noticed an air elemental
  2407 | D:3      | Killed from afar by an orc wizard

Levels and vault maps discovered:
D:1:      psy_arrival_conway, layout_loops_ring
D:2:      layout_basic, uniq_terence, uniq_sigmund, uniq_crazy_yiuf_cottage
D:3:      layout_loops_corners, nicolae_overflow_crystal_walls,
          overflow_temple_1_default, nicolae_qazlal_style_of_elements

Skill      XL: |  1  2  3 |
---------------+----------+-----
Conjurations   | 5 |  5.7
Dodging        | |  2.0
Stealth        | |  2.0
Spellcasting   | |  2.0

Action                   |  1- 3 |  4- 6 || total
-------------------------+-------+-------++-------
Melee: Short sword       |    13 |     8 ||    21
 Cast: Magic Dart        |    58 |    15 ||    73
       Searing Ray       |     6 |     2 ||     8
  Use: Potion            |       |     1 ||     1
  Eat: Chunk             |     4 |     2 ||     6
Armor: Robe              |    10 |     2 ||    12
Dodge: Dodged            |    32 |     3 ||    35
Block: Other             |     3 |     2 ||     5
